 Dungeon Crawl Stone Soup version 0.27.1-4-g1640c2035a (webtiles) character file.

Game seed: 12813798403249029024

463 pkoi the Shield-Bearer (level 6, -5/51 HPs)
             Began as a Minotaur Fighter on Nov 10, 2021.
             Killed from afar by an orc wizard (10 damage)
             ... with a magic dart
             ... on level 4 of the Dungeon.
             The game lasted 00:03:33 (3252 turns).

pkoi the Shield-Bearer (Minotaur Fighter)           Turns: 3252, Time: 00:03:34

Health: -5/51      AC:  8    Str: 22    XL:     6   Next: 79%
Magic:  5/5        EV: 16    Int:  5    God:
Gold:   103        SH:  0    Dex: 10    Spells: 5/5 levels left

rFire    . . .     SeeInvis .   a - +0 long sword (vorpal)
rCold    . . .     Faith    .   c - +1 kite shield
rNeg     . . .     Spirit   .   b - +0 scale mail
rPois    .         Reflect  .   (helmet restricted)
rElec    .         Harm     .   (no cloak)
rCorr    .         Rampage  .   h - +0 pair of gloves
Will     .....                  (no boots)
Stlth    ..........             (no amulet)
HPRegen  0.17/turn              e - +4 ring of evasion
MPRegen  0.09/turn              l - +4 ring of evasion

@: confused, mighty
A: horns 2, retaliatory headbutt
a: no special abilities


You were on level 4 of the Dungeon.
You visited 1 branch of the dungeon, and saw 4 of its levels.

You collected 103 gold pieces.

Inventory:

Hand Weapons
 a - a +0 vorpal long sword (weapon)
Missiles
 k - 3 boomerangs (quivered)
 m - 3 poisoned darts
Armour
 b - a +0 scale mail (worn)
 c - a +1 kite shield (worn)
 h - a +0 pair of gloves (worn)
Jewellery
 e - a +4 ring of evasion (left hand)
 i - a ring of protection from cold
 l - a +4 ring of evasion (right hand)
Scrolls
 g - 8 scrolls of identify
 j - a scroll of magic mapping
Potions
 f - a potion of mutation


   Skills:
 - Level 3.6 Fighting
 + Level 6.4 Long Blades
 + Level 0.4 Throwing
 - Level 3.6 Armour
 + Level 7.0 Shields


You had 5 spell levels left.
You didn't know any spells.
Your spell library contained the following spells:

 Spells                   Type           Power      Damage    Failure   Level
 Beastly Appendage        Tmut           0%         N/A       98%         1
 Magic Dart               Conj           0%         1d3       98%         1
 Call Imp                 Summ           0%         N/A       99%         2
 Wereblood                Tmut           0%         N/A       99%         2
 Gell's Gravitas          Tloc           0%         N/A       100%        3
 Lesser Beckoning         Tloc           0%         N/A       100%        3
 Mephitic Cloud           Conj/Pois/Air  0%         N/A       100%        3
 Spider Form              Tmut/Pois      0%         N/A       100%        3
 Teleport Other           Tloc           0%         N/A       100%        3


Dungeon Overview and Level Annotations

Branches:
Dungeon (4/15)
 Temple: D:4-7

Altars:


Innate Abilities, Weirdness & Mutations

You have a pair of horns on your head.
You reflexively headbutt those who attack you in melee.


Message History

Unknown command.
You feel very mighty all of a sudden. Something hits you but does no damage.
The ogre misses you.
You miss something. Something hits you.
* * * LOW HITPOINT WARNING * * *
You block the ogre's attack.
Unknown command.
Okay, then.
Unknown command.
Unknown command.
You open the door. You block something's attack.
You hear some strange, mumbled words.
Something tries to affect you, but you resist.
There is an open door, spattered with blood here.
You closely miss something. You block something's attack.
You hit something. You headbutt something!
Something hits you but does no damage. x2
You hit something.
You hear some strange, mumbled words.
A magic dart appears from out of thin air!
The magic dart hits you!
* * * LOW HITPOINT WARNING * * *
You miss something. Something barely misses you.
You closely miss something.
You hear some strange, mumbled words.
You are confused.
You barely miss something.
Something hits you but does no damage. x2
You bump into the crystal wall.
You hear some strange, mumbled words.
A magic dart appears from out of thin air!
The magic dart hits you.
* * * LOW HITPOINT WARNING * * *
You bump into the crystal wall.
You hear some strange, mumbled words.
Something tries to affect you, but you resist.
A ball python comes into view.
You hear some strange, mumbled words.
A magic dart appears from out of thin air!
The magic dart hits you!
You die...

###.##.....#.# #.#######,*,*
.##.##.....#.# #.#.....#,*+***
.##.##.....#.######...#,*,*,,,,,,
.##.#####+##........###.*,,,,,,,,
.##.# #.#####.).###...**,,,,,,,
.##.# #.#.....###...#,,*,,**,**
....#####...#####...#***,**,**,**
..........###.O{..#**,,*,,*,,,,,,
.#.########...##@##,,,,**,****,**
.#.## ###...#..#..#,,,,,*,,* *,,*
##..###...####.##.#*,,,,**,****,*
........###,,#..#..+,,***,,,* *,,
######.##,,,,##)##.#***,,,*+* **,
#..#,,,,,#..#..*,,,***,* *,
##.#*,,,,##)##S.,***,,,** *,
*..*,,*+#)..#.##*,,,*,,* *,
*#.#***.o.###**,,,****,***,


You could see an ogre and a ball python.

Vanquished Creatures
  A necrophage (D:3)
  2 scorpions
  An orc priest (D:2)
  Jessica (D:2)
  2 orc wizards
  6 adders
  3 gnolls
  A worm (D:2)
  A dart slug (D:2)
  5 orcs
  6 ball pythons
  7 endoplasms
  5 giant cockroaches
  6 goblins
  3 hobgoblins
  4 jackals (D:3)
  2 quokkas (D:2)
  4 bats
  3 frilled lizards
  8 kobolds
71 creatures vanquished.

Notes
Turn   | Place    | Note
-------+----------+-------------------------------------------
     0 | D:1      | pkoi the Minotaur Fighter began the quest for the Orb.
     0 | D:1      | Reached XP level 1. HP: 19/19 MP: 0/0
   240 | D:1      | Reached skill level 4 in Shields
   240 | D:1      | Reached XP level 2. HP: 24/26 MP: 1/1
   342 | D:1      | Found a faded altar of an unknown god.
   852 | D:2      | Reached XP level 3. HP: 31/31 MP: 2/2
  1436 | D:2      | Noticed Jessica
  1580 | D:2      | Killed Jessica
  1581 | D:2      | Reached skill level 5 in Shields
  1581 | D:2      | Reached XP level 4. HP: 33/39 MP: 3/3
  1972 | D:2      | Reached XP level 5. HP: 18/45 MP: 4/4
  2161 | D:2      | Reached skill level 5 in Long Blades
  2263 | D:3      | Reached skill level 6 in Shields
  2416 | D:3      | Noticed a necrophage
  2426 | D:3      | Killed a necrophage
  2427 | D:3      | Reached XP level 6. HP: 51/51 MP: 5/5
  3106 | D:4      | Reached skill level 7 in Shields
  3252 | D:4      | Killed from afar by an orc wizard

Illustrated notes

Levels and vault maps discovered:
D:1:      dpeg_arrival_boxes_within_box, layout_loops_ring,
          shapermc_ecumenical_altar_mp_vishouse, minmay_door_square,
          minmay_misc_feat_rows
D:2:      layout_basic, uniq_jessica
D:3:      layout_rooms
D:4:      minmay_skewed_foursquare, layout_basic

Skill      XL: |  1  2  3  4  5  6 |
---------------+-------------------+-----
Shields        | 4 5 6 7 |  7.0
Long Blades    | 3 4 5 6 |  6.4
Fighting       | |  3.6
Throwing       | |  0.4
Armour         | |  3.6

Action                   |  1- 3 |  4- 6 || total
-------------------------+-------+-------++-------
Melee: Long sword        |    79 |   100 ||   179
       Headbutt          |     9 |    22 ||    31
  Use: Scroll            |       |     8 ||     8
       Potion            |       |     1 ||     1
Armor: Scale mail        |    40 |    32 ||    72
Dodge: Dodged            |    24 |    57 ||    81
Block: Kite shield       |    42 |    57 ||    99
       Rpst.: Long sword |     3 |    10 ||    13
